 Dungeon Crawl Stone Soup version 0.27.1-3-gb3d3a73c9e (webtiles) character file.

Game seed: 3091117551591022418

97 Crownlay the Shield-Bearer (level 5, -3/42 HPs)
             Began as a Formicid Fighter on Oct 16, 2021.
             Was a Believer of Jiyva.
             Slain by Grinder (5 damage)
             ... on level 3 of the Dungeon on Oct 17, 2021.
             The game lasted 00:04:44 (2732 turns).

Crownlay the Shield-Bearer (Formicid Fighter)       Turns: 2732, Time: 00:04:44

Health: -3/42      AC:  8    Str: 21    XL:     5   Next: 0%
Magic:  5/5        EV:  9    Int:  8    God:    Jiyva [**....]
Gold:   40         SH:  0    Dex: 10    Spells: 4/4 levels left

rFire    . . .     SeeInvis +   a - +0 long sword
rCold    . . .     Faith    .   (no shield)
rNeg     . . .     Spirit   .   b - +0 scale mail
rPois    .         Reflect  .   (helmet unavailable)
rElec    .         Harm     .   (no cloak)
rCorr    .         Rampage  .   h - +0 pair of gloves
Will     .....                  (no boots)
Stlth    ..........             (no amulet)
HPRegen  0.14/turn              (no ring)
MPRegen  0.09/turn              (no ring)

@: no status effects
A: permanent stasis, dig shafts and tunnels, antennae 3, four strong arms
a: Dig, Shaft Self, Renounce Religion, Request Jelly


You were on level 3 of the Dungeon.
You worshipped Jiyva.
Jiyva was pleased with you.
You visited 1 branch of the dungeon, and saw 3 of its levels.

You collected 40 gold pieces.

Inventory:

Hand Weapons
 a - a +0 long sword (weapon)
Armour
 b - a +0 scale mail (worn)
 c - a +0 kite shield
 h - a +0 pair of gloves (worn)
Scrolls
 e - a scroll of teleportation {unknown}
Potions
 f - 2 potions of attraction {unknown}
 g - a potion of heal wounds {unknown}


   Skills:
 + Level 4.2 Fighting
 - Level 2.0 Long Blades
 - Level 3.2 Armour
 * Level 5.6 Shields


You had 4 spell levels left.
You didn't know any spells.
Your spell library contained the following spells:

 Spells                   Type           Power      Damage    Failure   Level
 Passwall                 Tmut/Erth      0%         N/A       87%         2
 Invisibility             Hex            0%         N/A       100%        6
 Swiftness                Air            Unusable   N/A       N/A         3

Dungeon Overview and Level Annotations

Branches:
Dungeon (3/15)

Altars:
Jiyva

Shops:
D:2 ([

Annotations:
D:3 Grinder


Innate Abilities, Weirdness & Mutations

You cannot be hasted, slowed, berserked, paralysed or teleported.
You can dig through walls and to a lower floor.
You have a pair of large antennae on your head. (SInv)
Your four strong arms can wield two-handed weapons with a shield.


Message History

You are too injured to fight recklessly!
You are too injured to fight recklessly!
You are too injured to fight recklessly!
You closely miss Grinder.
Grinder is heavily wounded.
Grinder barely misses you.
You closely miss Grinder.
Grinder is heavily wounded.
You hear a slurping noise.
The endoplasm eats the door!
Grinder hits you but does no damage.
You completely miss Grinder.
Grinder is heavily wounded.
Grinder hits you. Grinder closely misses you.
You hit Grinder.
Grinder is severely wounded.
Grinder hits you.
You writhe in agony.
* * * LOW HITPOINT WARNING * * *
What are your orders? t - Shout!
Orders for allies: a - Attack new target. p - Attack previous target. r - Retreat! s - Stop attacking. g - Guard the area. f - Follow me.
Anything else - Cancel.
Gang up on whom?
Press: ? - help, Dir - move target, f/p - Grinder
Aim: Grinder (severely wounded) Attack!
Grinder hits you.
* * * LOW HITPOINT WARNING * * *
You writhe in agony.
* * * LOW HITPOINT WARNING * * *
You completely miss Grinder.
Grinder is severely wounded.
Grinder gestures at you. Pain shoots through your body!
* * * LOW HITPOINT WARNING * * *
You hit Grinder but do no damage.
Grinder is severely wounded.
Grinder hits you.
You die...

#...........#
#......#######
#.............
####'#.##########
#.#.#.........
#.#...........
#.#...........
..#...5.......
###.J@........
#...........
#...........
.J...........
..###.######..
#... #.# ## #..
#.# #. ..# ###


You could see Grinder, a neutral jelly (wandering) (fellow slime) and a neutral
endoplasm (wandering) (fellow slime).

Vanquished Creatures
  Terence (D:2)
  A worm (D:2)
  A dart slug (D:2)
  4 orcs (D:2)
  3 ball pythons (D:1)
  7 bats
  2 endoplasms (D:1)
  3 giant cockroaches (D:1)
  3 goblins
  8 hobgoblins
  8 jackals
  4 quokkas
  3 frilled lizards
  6 rats
54 creatures vanquished.

Vanquished Creatures (others)
  A gnoll (D:2)
  An adder (D:2)
  An ufetubus (D:3)
  A worm (D:2)
  An endoplasm (D:2)
  A ball python (D:3)
  A bat (D:2)
  2 giant cockroaches
  A goblin (D:2)
  A hobgoblin (D:2)
  3 jackals
  A frilled lizard (D:2)
15 creatures vanquished.

Grand Total: 69 creatures vanquished

Notes
Turn   | Place    | Note
-------+----------+-------------------------------------------
     0 | D:1      | Crownlay the Formicid Fighter began the quest for the Orb.
     0 | D:1      | Reached XP level 1. HP: 18/18 MP: 1/1
    79 | D:1      | Reached skill level 4 in Shields
    79 | D:1      | Reached XP level 2. HP: 19/24 MP: 2/2
   255 | D:1      | Found a faded altar of an unknown god.
   267 | D:1      | Became a worshipper of Jiyva Jeuloc the Shapeless
   267 | D:1      | Reached * piety under Jiyva
   516 | D:1      | Reached XP level 3. HP: 30/30 MP: 3/3
  1277 | D:2      | Found Fiqutol's Armour Shop.
  1408 | D:2      | Found Rose's Antique Armour Emporium.
  1541 | D:2      | Reached skill level 5 in Shields
  1634 | D:2      | Reached XP level 4. HP: 28/37 MP: 4/4
  1642 | D:2      | Noticed Terence
  1654 | D:2      | Killed Terence
  1849 | D:2      | Reached ** piety under Jiyva
  1905 | D:2      | Found Cewy's Antique Weapon Boutique.
  2653 | D:3      | Reached XP level 5. HP: 38/42 MP: 5/5
  2705 | D:3      | Noticed Grinder
  2731 | D:3      | HP: 2/42 [Grinder/nerve-wracking pain (6)]
  2732 | D:3      | Slain by Grinder

Illustrated notes

Levels and vault maps discovered:
D:1:      grunt_arrival_lava_bath, layout_basic, ebering_ecumenical_altar_box
D:2:      minmay_chambers_of_twos, layout_basic, serial_corexii_hall,
          corexii_hall_statues_i, chequers_hall_statues_y, serial_shops,
          nicolae_shop_stone, shop, nicolae_shop_statue_plus, uniq_terence
D:3:      layout_basic, uniq_grinder

Skill      XL: |  1  2  3  4 |
---------------+-------------+-----
Shields        | 4 5 |  5.6
Fighting       | 4 |  4.2
Long Blades    | |  2.0
Armour         | |  3.2

Action                   |  1- 3 |  4- 6 || total
-------------------------+-------+-------++-------
Melee: Long sword        |   114 |    51 ||   165
Invok: Request Jelly     |       |     1 ||     1
 Abil: Dig               |     3 |       ||     3
  Use: Potion            |       |     1 ||     1
Armor: Scale mail        |    82 |    15 ||    97
Dodge: Dodged            |    75 |    32 ||   107
       Rpst.: Long sword |    22 |     9 ||    31
